 Dungeon Crawl Stone Soup version 0.27.1-33-g824d729ab1 (webtiles) character file.

Game seed: 1947386287752729691

44 Holzbalken the Ducker (level 3, -1/28 HPs)
             Began as a Djinni Gladiator on Dec 5, 2021.
             Frozen to death by an endoplasm (6 damage)
             ... on level 2 of the Dungeon.
             The game lasted 00:04:07 (1068 turns).

Holzbalken the Ducker (Djinni Gladiator)            Turns: 1068, Time: 00:04:08

Health: -1/28      AC:  4    Str: 14    XL:     3   Next: 87%
Gold:   49         EV: 12    Int:  9    God:
                   SH:  0    Dex: 14

rFire    + + .     SeeInvis .   a - +0 long sword
rCold    x . .     Faith    .   (no shield)
rNeg     . . .     Spirit   .   b - +0 leather armour
rPois    ∞         Reflect  .   c - +0 helmet
rElec    .         Harm     .   (no cloak)
rCorr    .         Rampage  .   (no gloves)
Will     .....                  (boots unavailable)
Stlth    +.........             g - amulet of regeneration
HPRegen  1.09/turn              (no ring)
MPRegen  0.00/turn              (no ring)

@: flying
A: sickness immunity, fire resistance 2, cold vulnerability 1, float, innate
caster, hp casting, extra vitality 1
a: no special abilities


You were on level 2 of the Dungeon.
You visited 1 branch of the dungeon, and saw 2 of its levels.

You collected 49 gold pieces.

Inventory:

Hand Weapons
 a - a +0 long sword (weapon)
Missiles
 d - 3 throwing nets (quivered)
Armour
 b - a +0 leather armour (worn)
 c - a +0 helmet (worn)
Jewellery
 g - an amulet of regeneration (around neck)
Scrolls
 e - a scroll of holy word {unknown}
 h - a scroll of teleportation {unknown}
 j - a scroll of amnesia {unknown}
 k - a scroll of magic mapping {unknown}
Potions
 f - a potion of brilliance {unknown}
 i - a potion of lignification {unknown}
 l - a potion of degeneration {unknown}
 m - 2 potions of haste {unknown}


   Skills:
 - Level 2.0 Fighting
 * Level 2.6(3.2) Short Blades
 - Level 2.6(3.2) Long Blades
 - Level 1.5 Throwing
 - Level 3.2 Dodging
 + Level 0.4 Spellcasting


You had one spell level left.
You knew the following spells:

 Your Spells              Type           Power      Damage    Failure   Level
a - Shock                 Conj/Air       0%         1d3       38%         1
Your spell library was empty.

Dungeon Overview and Level Annotations

Branches:
Dungeon (2/15)

Altars:


Innate Abilities, Weirdness & Mutations

You are immune to sickness and miasma.
You are immune to poison.
Your flesh is very heat resistant. (rF++)
You are vulnerable to cold. (rC-)
You float through the air rather than walking.
You learn spells naturally, not from books.
Your magical power is your life essence.
You have superior vitality. (+4 HP)


Message History

You are frozen.
You feel a terrible chill!
You slash the endoplasm!
You kill the endoplasm!
HP restored.
Found a smoky golden potion.
m - 2 smoky golden potions (gained 1)
An endoplasm comes into view.
An endoplasm is nearby!
The endoplasm quivers.
An adder comes into view.
There are monsters nearby!
You slash the adder!
The adder is severely wounded.
The adder bites you. The adder barely misses you.
You completely miss the adder.
The adder is severely wounded.
The adder closely misses you.
You riposte.
You miss the adder.
The adder is severely wounded.
The endoplasm hits you.
You miss the adder.
The adder is severely wounded.
The adder closely misses you. The endoplasm freezes you.
You are frozen.
You feel a terrible chill! The adder bites you.
You hit the adder.
You kill the adder!
The endoplasm freezes you.
You are frozen.
You feel a terrible chill! The endoplasm freezes you.
You are frozen.
You feel a terrible chill!
You see here an adder corpse.
A goblin comes into view. It is wielding a +0 club.
The endoplasm freezes you.
You are frozen.
You feel a terrible chill! The endoplasm freezes you.
You are frozen!
You feel a terrible chill!
* * * LOW HITPOINT WARNING * * *
The endoplasm freezes you.
You are frozen.
You feel a terrible chill!
You die...

≈≈≈≈♣♣≈≈≈♣♣♣P#.####...
≈≈≈≈♣♣♣♣P≈P≈♣♣...#...#
P≈P≈≈≈≈≈≈≈≈P≈≈P..≈♣.#
.................P≈♣## #
≈≈≈≈P≈≈≈≈≈≈≈≈≈≈.≈≈≈≈≈# .#
≈≈≈≈≈≈≈≈≈≈≈≈≈≈≈.≈≈≈≈P♣...
≈P≈≈≈♣♣♣≈≈≈≈P≈≈.≈≈≈≈≈≈≈.#
≈♣♣≈≈...♣♣♣♣≈≈≈.≈≈≈≈≈gP♣#
######.#.≈♣♣♣≈≈.@≈≈≈≈P≈≈♣
#.#..≈♣♣≈≈†J≈≈≈≈≈≈♣♣
#.###P♣♣≈≈.≈≈≈≈≈≈≈♣ #.#
♣♣♣PP≈.≈≈≈P≈♣♣♣ #.#
♣≈≈≈.P≈≈≈≈♣ ...
≈≈≈≈≈.≈≈≈≈♣♣
.#.♣≈≈≈≈≈≈.P≈P≈♣ .
♣≈≈≈≈≈≈≈.≈≈≈♣♣
≈P≈≈≈≈≈.≈≈≈♣


You could see an endoplasm and a goblin.

Vanquished Creatures
  An adder (D:2)
  2 dart slugs (D:1)
  3 endoplasms
  2 giant cockroaches (D:1)
  2 goblins
  6 hobgoblins (D:1)
  2 quokkas (D:1)
  5 ball pythons (D:1)
  4 bats (D:1)
  A frilled lizard (D:1)
  A kobold (D:1)
  A rat (D:1)
30 creatures vanquished.

Vanquished Creatures (others)
  25 plants (D:2)
25 creatures vanquished.

Grand Total: 55 creatures vanquished

Notes
Turn   | Place    | Note
-------+----------+-------------------------------------------
     0 | D:1      | Holzbalken the Djinni Gladiator began the quest for the
                  | Orb.
     0 | D:1      | Reached XP level 1. HP: 18/18 MP: 0/0
    98 | D:1      | Reached skill level 1 in Short Blades
   107 | D:1      | Reached XP level 2. HP: 23/23 MP: 0/0
   254 | D:1      | Found a faded altar of an unknown god.
   474 | D:1      | Reached XP level 3. HP: 28/28 MP: 0/0
   474 | D:1      | Learned a level 1 spell: Shock
  1068 | D:2      | Frozen to death by an endoplasm

Illustrated notes

Levels and vault maps discovered:
D:1:      amcnicky_arrival_underground_garden, layout_basic,
          hellmonk_ecumenical_altar_pennies_from_heaven
D:2:      cheibrodos_fertilizer, layout_loops_ring, serial_bayou,
          serial_bayou_lagoon_b, serial_bayou_lake_a, serial_bayou_lagoon_a,
          serial_bayou_shore_b, minmay_unequal

Skill      XL: |  1  2 |
---------------+-------+-----
Short Blades   | 1 2 |  2.6
Fighting       | |  2.0
Long Blades    | |  2.6
Throwing       | |  1.5
Dodging        | |  3.2
Spellcasting   | |  0.4

Action                   || total
-------------------------++-------
Melee: Long sword        ||    76
 Stab: Sleeping          ||     1
Armor: Leather armour    ||    31
Dodge: Dodged            ||    60
       Rpst.: Long sword ||    20
